 Dungeon Crawl Stone Soup version 0.26-a0-808-g930a2b7adc (webtiles) character file.

Game seed: 5683982612034340090

3021 Decritt the Chiller (level 9, -2/74 (75) HPs)
             Began as a Black Draconian Ice Elementalist on Nov 12, 2020.
             Was a Follower of Ashenzari.
             Slain by an ogre
             ... wielding a +0 giant spiked club
              (27 damage)
             ... on level 8 of the Dungeon.
             The game lasted 00:31:39 (12377 turns).

Decritt the Chiller (DrIE)                         Turns: 12377, Time: 00:31:40

HP:   -2/74 (75)    AC:  9    Str: 11    XL:     9   Next: 55%
MP:   17/18         EV: 14    Int: 18    God:    Ashenzari [*.....]
Gold: 492           SH:  0    Dex: 12    Spells: 16/20 levels left

rFire    + . .     SeeInvis .   d - +0 quarterstaff
rCold    + . .     Faith    .   (shield currently unavailable)
rNeg     . . .     Spirit   .   (armour unavailable)
rPois    .         Reflect  .   (helmet restricted)
rElec    +         Harm     .   x - scarf {rC+ rF+} (curse)
rCorr    .         Rampage  .   u - +0 pair of gloves
MR       .....                  g - +0 pair of boots (curse)
Stlth    ++........             (no amulet)
HPRegen  0.22/turn              k - ring of flight
MPRegen  0.16/turn              (no ring)

@: short of breath, drained
A: breathe lightning, unfitting armour, electricity resistance, cold-blooded, AC
+7
a: Breathe Lightning, Curse Item, Scrying, Renounce Religion, Evoke Flight


You were on level 8 of the Dungeon.
You worshipped Ashenzari.
Ashenzari was aware of your devotion.
You visited 2 branches of the dungeon, and saw 9 of its levels.

You collected 492 gold pieces.

Inventory:

Hand Weapons
 d - a +0 quarterstaff (weapon)
Missiles
 a - 12 poisoned darts (quivered)
Armour
 g - a cursed +0 pair of boots (worn)
 l - a +0 cloak
 u - a +0 pair of gloves (worn)
 x - a cursed scarf of resistance (worn)
Jewellery
 k - a ring of flight (left hand)
 q - an uncursed amulet of faith
Wands
 t - a wand of digging (3)
 w - a wand of iceblast (11)
Scrolls
 c - 2 scrolls of amnesia {unknown}
 e - 2 scrolls of enchant weapon {unknown}
 f - 4 scrolls of teleportation
 i - a scroll of noise {unknown}
 n - a scroll of enchant armour {unknown}
 o - 3 scrolls of immolation
 r - a scroll of identify
 z - a scroll of fear {unknown}
Potions
 b - 2 potions of attraction
 h - a potion of experience {unknown}
 j - 3 potions of heal wounds
 m - a potion of lignification {unknown}
 p - a potion of degeneration {unknown}
 s - a potion of mutation {unknown}
 v - 2 potions of curing {unknown}
 y - a potion of magic {unknown}
 A - a potion of haste {unknown}


   Skills:
 + Level 6.3(5.4) Fighting
 + Level 5.1(4.3) Staves
 + Level 5.6(4.8) Dodging
 - Level 1.7(1.0) Stealth
 + Level 6.1(5.3) Spellcasting
 + Level 7.5(6.6) Ice Magic


You had 16 spell levels left.
You knew the following spells:

 Your Spells              Type           Power        Failure   Level
a - Freeze                Ice            ####         1%          1
b - Ozocubu's Armour      Ice            ####....     2%          3

Your spell library contained the following spells:

 Spells                   Type           Power        Failure   Level
 Frozen Ramparts          Ice            ####..       2%          3
 Summon Small Mammal      Summ           #...         13%         1
 Call Imp                 Summ           #.......     21%         2
 Hailstorm                Conj/Ice       ###.....     32%         4
 Summon Ice Beast         Ice/Summ       ###.....     32%         4
 Call Canine Familiar     Summ           #.......     36%         3
 Summon Guardian Golem    Hex/Summ       #.......     36%         3
 Summon Lightning Spire   Summ/Air       #.......     78%         4


Dungeon Overview and Level Annotations

Branches:
Dungeon (8/15)             Temple (1/1) D:5
   Lair: D:8-11

Altars:
Ashenzari
Cheibriados
Dithmenos
Elyvilon
Fedhas
Gozag
Hepliaklqana
Kikubaaqudgha
Makhleb
Nemelex Xobeh
Okawaru
Qazlal
Ru
Trog
Vehumet
Wu Jian
Xom
Zin

Shops:
D:6 *


Innate Abilities, Weirdness & Mutations

You can breathe wild blasts of lightning.
Your glossy black scales are hard. (AC +7)
You cannot fit into any form of body armour.
You are resistant to electric shocks. (rElec)
You are cold-blooded and may be slowed by cold attacks.


Message History

You throw a poisoned dart. The poisoned dart hits the ogre.
The ogre is poisoned.
You throw a poisoned dart.
The poisoned dart barely misses the ogre.
You throw a poisoned dart. The poisoned dart hits the ogre.
The ogre looks even sicker.
The ogre is lightly wounded.
You sock the ogre!
The ogre is heavily wounded.
The ogre hits you with a +0 giant spiked club!!
* * * LOW HITPOINT WARNING * * *
Casting: Ozocubu's Armour (mildly dangerous; 2% risk of failure)
Confirm with . or Enter, or press ? or * to list all spells.
Aiming: Freeze (safe; 1% risk of failure)
Press: ? - help, Shift-Dir - straight line, f/p - ogre
Aim: an ogre, wielding a +0 giant spiked club (heavily wounded, very poisoned)
You freeze the ogre!
The ogre is severely wounded.
The ogre hits you with a +0 giant spiked club!!
You die...

.. #.# # .. .(.
.# ...# #(# #.
.(...(.((
...#.#(#. #.. .
.(( #..##.#O# .#.
#...#.#@###.....
#.#.#.(.).......
#.#.###.####.###
#.#.# #.#
#.#.###.####
###..........#
#.<.............#
#.....#####......
#.....# ......


You could see an ogre (very poisoned).

Vanquished Creatures
  Pikel (D:6)
  Sigmund (D:5)
  Eustachio (D:5)
  Menkaure (D:6)
  Edmund (D:5)
  A sky beast (D:7)
  An ice beast (D:7)
  2 necrophages (D:5)
  2 centaurs
  2 lemures (D:6)
  A bullfrog (D:6)
  Blork the orc (D:5)
  A gnoll sergeant (D:7)
  A scorpion (D:5)
  A water moccasin skeleton (D:4)
  4 wights (D:8)
  A bullfrog zombie (D:8)
  2 bullfrog skeletons
  2 hounds
  2 orc priests
  6 orc wizards
  A centaur skeleton (D:7)
  A jelly (D:8)
  2 iguanas
  7 worker ants
  A hound zombie (D:5)
  A hound skeleton (D:7)
  A worker ant zombie (D:5)
  13 gnolls
  8 adders
  3 shadow imps
  4 white imps
  An ufetubus (D:7)
  An ooze (D:3)
  2 adder zombies
  An adder skeleton (D:5)
  6 worms
  3 dart slugs
  6 leopard geckos
  27 orcs
  7 giant cockroaches
  7 goblins
  7 hobgoblins
  7 jackals (D:2)
  3 kobolds
  3 quokkas
  2 ball pythons
  6 bats
  7 frilled lizards
  A leopard gecko zombie (D:5)
  A quokka skeleton (D:5)
  A quokka zombie (D:5)
  6 rats
182 creatures vanquished.

Notes
Turn   | Place    | Note
-------+----------+-------------------------------------------
     0 | D:1      | Decritt the Draconian Ice Elementalist began the quest for
                  | the Orb.
     0 | D:1      | Reached XP level 1. HP: 14/14 MP: 3/3
   440 | D:1      | Reached XP level 2. HP: 20/20 MP: 5/5
   854 | D:1      | Reached XP level 3. HP: 18/27 MP: 1/6
  1611 | D:2      | Reached skill level 1 in Fighting
  1794 | D:2      | Reached XP level 4. HP: 35/35 MP: 5/8
  2630 | D:2      | Reached skill level 5 in Ice Magic
  2630 | D:2      | Reached XP level 5. HP: 23/40 MP: 4/9
  2758 | D:2      | Learned a level 3 spell: Ozocubu's Armour
  5321 | D:4      | Reached XP level 6. HP: 22/48 MP: 3/11
  5910 | D:4      | Found a snail-covered altar of Cheibriados.
  6241 | D:4      | Found a blossoming altar of Fedhas.
  6466 | D:5      | Entered Level 5 of the Dungeon
  6490 | D:5      | Reached skill level 1 in Staves
  6731 | D:5      | Your scales start taking on a glossy black colour.
  6731 | D:5      | Reached XP level 7. HP: 55/56 MP: 3/13
  6731 | D:5      | Gained mutation: You are resistant to electric shocks.
                  | (rElec) [Black Draconian growth]
  6813 | D:5      | Noticed Blork the orc
  6825 | D:5      | Killed Blork the orc
  6982 | D:5      | Noticed Sigmund
  6999 | D:5      | Killed Sigmund
  6999 | D:5      | Reached skill level 6 in Ice Magic
  7133 | D:5      | Noticed Edmund
  7172 | D:5      | Killed Edmund
  7435 | D:5      | Found a white marble altar of Elyvilon.
  7522 | D:5      | Reached XP level 8. HP: 65/65 MP: 14/14
  7750 | D:5      | Found a staircase to the Ecumenical Temple.
  7761 | Temple   | Entered the Ecumenical Temple
  7873 | Temple   | Became a worshipper of Ashenzari the Shackled
  8048 | D:5      | Noticed Eustachio
  8077 | D:5      | Killed Eustachio
  8613 | D:6      | Reached skill level 5 in Spellcasting
  8700 | D:6      | Noticed Pikel
  8704 | D:6      | Killed Pikel
  8704 | D:6      | Reached skill level 5 in Fighting
  9086 | D:6      | Found Hetrud's Assorted Antiques.
  9387 | D:6      | Reached skill level 5 in Dodging
  9387 | D:6      | Reached XP level 9. HP: 30/73 MP: 14/17
 10016 | D:6      | Noticed Menkaure
 10022 | D:6      | Killed Menkaure
 10022 | D:6      | Reached skill level 7 in Ice Magic
 11188 | D:7      | Reached * piety under Ashenzari
 12220 | D:8      | Reached skill level 5 in Staves
 12377 | D:8      | Slain by an ogre

Illustrated notes

Levels and vault maps discovered:
D:1:      erik_arrival_triangle_small, layout_loops_cross,
          chequers_serial_rivers_marsh
D:2:      layout_loops_ring, solitary_fountain
D:3:      layout_loops_cross, minivault_26
D:4:      layout_basic, marbit_many_paths, cheibriados_altar_1
D:5:      layout_basic, lemuel_doored_altar, temple_statues, uniq_blork_the_orc,
          uniq_sigmund, uniq_edmund, uniq_eustachio
D:6:      layout_loops_corners, serial_shops, shop, st_stairs_13, uniq_menkaure,
          uniq_pikel
D:7:      layout_basic
D:8:      minmay_opposing_rooms, layout_loops_ring,
          grunt_temple_overflow_holy_war, amethyst_overflow_temple_binary,
          lair_entry_dummy, serial_shops, shop, nicolae_shop_waterfront
Temple:   regret_index_temple_sphere_string

Skill      XL: |  1  2  3  4  5  6  7  8  9 |
---------------+----------------------------+-----
Dodging        | 2 3 4 5 |  5.6
Fighting       | 1 2 4 5 6 |  6.3
Spellcasting   | 3 4 5 6 |  6.1
Ice Magic      | 5 6 7 |  7.5
Staves         | 1 2 4 5 |  5.1
Stealth        | |  1.7

Action                   |  1- 3 |  4- 6 |  7- 9 || total
-------------------------+-------+-------+-------++-------
Melee: Unarmed           |    19 |       |       ||    19
       Short sword       |    32 |       |       ||    32
       Tailslap          |    17 |    18 |    39 ||    74
       Flail             |    45 |     2 |       ||    47
       Spear             |       |   186 |       ||   186
       Quarterstaff      |       |    65 |   318 ||   383
Throw: Stone             |    79 |    11 |       ||    90
       Dart              |       |    91 |   166 ||   257
 Cast: Freeze            |    14 |    64 |    25 ||   103
       Ozocubu's Armour  |       |    10 |     8 ||    18
Invok: Curse Item        |       |       |     2 ||     2
 Abil: Breathe Lightning |       |       |    15 ||    15
  Use: Scroll            |       |     4 |     3 ||     7
 Stab: Sleeping          |       |     1 |       ||     1
Armor: Skin              |    22 |   139 |   114 ||   275
Dodge: Dodged            |    70 |   222 |   267 ||   559

Table legend: (Time is in decaauts)
 A = Elapsed time spent in this place.
 B = Non-inter-level travel time spent in this place.
 C = Inter-level travel time spent in this place.
 D = Time resting spent in this place.
 E = Time spent auto-exploring this place.
 F = Levels seen in this place.
 G = Mean time per level.
                   A        B        C        D        E       F      G
               +--------+--------+--------+--------+--------+-----+--------+
         Total |  12486 |  12307 |    179 |   2657 |   7731 |   9 | 1387.3 |
       Dungeon |  12311 |  12159 |    152 |   2657 |   7594 |   8 | 1538.9 |
        Temple |    174 |    147 |     27 |      0 |    137 |   1 |  174.0 |
               +--------+--------+--------+--------+--------+-----+--------+

Top non-repeatable levels by time:
     D:6: 2190 daAuts
     D:2: 2106 daAuts
     D:5: 1979 daAuts
     D:1: 1739 daAuts
     D:4: 1425 daAuts
     D:7: 1424 daAuts
     D:3: 1259 daAuts
     D:8: 185 daAuts
  Temple: 174 daAuts
